 Dungeon Crawl Stone Soup version 0.30.0-30-g96aa6591b8 (webtiles) character file.

Game seed: 6933399177385669597

5411 BreadTh the Frost Mage (level 10, -3/78 HPs)
             Began as a Merfolk Ice Elementalist on June 29, 2023.
             Was a Priest of Dithmenos.
             Killed by vampiric draining
             ... invoked by a vampire
              (18 damage)
             ... on level 9 of the Dungeon.
             The game lasted 00:42:00 (8018 turns).

BreadTh the Frost Mage (Merfolk Ice Elementalist)   Turns: 8018, Time: 00:42:01

Health: -3/78      AC: 13    Str:  9    XL:     10   Next: 67%
Magic:  2/17       EV: 14    Int: 16    God:    Dithmenos [***...]
Gold:   583        SH:  0    Dex: 17    Spells: 4/19 levels left

rFire   + . .        N - +4 halberd of Destiny {venom, rPois rF+}
rCold   . . .        (shield currently unavailable)
rNeg    . . .        a - +0 robe
rPois   +            (no helmet)
rElec   .            (no cloak)
rCorr   .            d - +0 pair of gloves
SInv    .            x - +0 pair of boots
Will    +....        (no amulet)
Stlth   ++++         q - ring of willpower
HPRegen 0.33/turn    (no ring)
MPRegen 0.15/turn

%: no passive effects
@: ice-armoured, freezing walls, wreathed by umbra, studying 2 skills
A: (nimble swimmer 2), mertail, poison resistance, robust 1, wild magic 1
a: Renounce Religion, Shadow Step


You were on level 9 of the Dungeon.
You worshipped Dithmenos.
Dithmenos was most pleased with you.
You visited 2 branches of the dungeon, and saw 10 of its levels.

You collected 583 gold pieces.

Inventory:

Hand Weapons
 s - a +3 dagger
 w - the +27 heavy crossbow "Sniper" {heavy, Acc+∞ SInv}
   (You found it on level 5 of the Dungeon)

   Acc+∞: It never misses its target.
   SInv:      It lets you see invisible.
 E - a +2 dagger of electrocution
 K - a +2 spear of venom
 N - the +4 halberd of Destiny (weapon) {venom, rPois rF+}
   (You took it off a gnoll on level 4 of the Dungeon)

   rF:        It protects you from fire.
   rPois:     It protects you from poison.
 O - a +1 short sword of holy wrath
Missiles
 f - 6 boomerangs
 m - 118 stones
 o - 32 poisoned darts
 G - 9 javelins
 I - 2 throwing nets
 P - a curare-tipped dart
Armour
 a - a +0 robe (worn)
 d - a +0 pair of gloves (worn)
 x - a +0 pair of boots (worn)
 H - a +0 leather armour
 T - an orb of mayhem
Magical Staves
 A - a staff of poison
 D - a staff of fire
Jewellery
 q - a ring of willpower (left hand)
 J - a ring of see invisible
 S - an amulet of guardian spirit
 X - a ring of fire
Wands
 v - a wand of iceblast (8) (quivered)
 L - a wand of mindburst (21)
 M - a wand of flame (14)
 W - a wand of charming (15)
Scrolls
 b - a scroll of enchant armour {unknown}
 c - 5 scrolls of identify {unknown}
 h - a scroll of vulnerability {unknown}
 i - 4 scrolls of amnesia {unknown}
 l - 3 scrolls of immolation {unknown}
 u - 4 scrolls of teleportation {unknown}
 y - 2 scrolls of fog {unknown}
 z - a scroll of acquirement {unknown}
 C - 4 scrolls of silence {unknown}
 F - 2 scrolls of fear {unknown}
 Q - a scroll of noise {unknown}
 R - a scroll of poison {unknown}
 U - a scroll of magic mapping {unknown}
Potions
 e - 3 potions of lignification {unknown}
 g - 2 potions of degeneration {unknown}
 j - 6 potions of mutation
 k - a potion of haste {unknown}
 n - 3 potions of might {unknown}
 p - a potion of berserk rage {unknown}
 r - 2 potions of attraction {unknown}
 t - 2 potions of cancellation {unknown}
 B - 3 potions of curing {unknown}
 V - a potion of ambrosia {unknown}


   Skills:
 + Level 4.0 Fighting
 + Level 4.3 Dodging
 + Level 4.2 Stealth
 - Level 5.0 Spellcasting
 - Level 5.0 Summonings
 - Level 11.0 Ice Magic
 * Level 9.4 Poison Magic


You had 4 spell levels left.
You knew the following spells:

 Your Spells              Type           Power      Damage    Failure   Level
a - Freeze                Ice            100%       1d10      1%          1
b - Frozen Ramparts       Ice            100%       1d16      1%          3
c - Ozocubu's Armour      Ice            50%        N/A       1%          3
d - Summon Ice Beast      Ice/Summ       38%        N/A       9%          4
e - Olgreb's Toxic Radia  Pois           44%        N/A       5%          4

Your spell library contained the following spells:

 Spells                   Type           Power      Damage    Failure   Level
 Cigotuvi's Dreadful Rot  Necr/Pois/Air  36%        N/A       10%         2
 Sublimation of Blood     Necr           5%         N/A       30%         2
 Wereblood                Tmut           5%         N/A       30%         2
 Dispel Undead            Necr           5%         3d7       88%         4
 Death Channel            Necr           2%         N/A       100%        6
 Summon Hydra             Summ           13%        N/A       100%        7
 Discord                  Hex            2%         N/A       100%        8
 Ignition                 Fire           2%         3d3       100%        8


Dungeon Overview and Level Annotations

Branches:
Dungeon (9/15)             Temple (1/1) D:6
   Lair: D:8-11         Orc: D:9-12

Altars:
Ashenzari
Cheibriados
Dithmenos
Elyvilon
Fedhas
Gozag
Hepliaklqana
Kikubaaqudgha
Makhleb
Nemelex Xobeh
Okawaru
Ru
Sif Muna
Trog
Uskayaw
Vehumet
Wu Jian
Xom
Yredelemnul
Zin
The Shining One


Innate Abilities, Weirdness & Mutations

((You are very nimble when in or above water. (Stealth+, EV+, Speed+++)))
Your lower body shifts to a powerful aquatic tail in water.
Your system is resistant to poisons. (rPois)
You are robust. (+10% HP)
Your spells are a little harder to cast, but a little more powerful.


Message History

Aiming: Freeze (safe; 1% risk of failure)
Press: ? - help, Shift-Dir - straight line You freeze something.
The wall freezes something.
Something hits you. Something bites you.
Something draws strength from your injuries!
Unknown command.
Casting: Freeze (safe; 1% risk of failure)
Confirm with . or Enter, or press ? or * to list all spells.
Aiming: Freeze (safe; 1% risk of failure)
Press: ? - help, Shift-Dir - straight line You freeze something.
Your toxic aura wanes.
The wall freezes something but does no damage.
Something draws life force from you!
* * * LOW HITPOINT WARNING * * *
Casting: Freeze (safe; 1% risk of failure)
Confirm with . or Enter, or press ? or * to list all spells.
Aiming: Freeze (safe; 1% risk of failure)
Press: ? - help, Shift-Dir - straight line You freeze something.
The wall freezes something.
Something hits you but does no damage. Something bites you.
* * * LOW HITPOINT WARNING * * *
Something draws strength from your injuries!
Casting: Freeze (safe; 1% risk of failure)
Confirm with . or Enter, or press ? or * to list all spells.
Aiming: Freeze (safe; 1% risk of failure)
Press: ? - help, Shift-Dir - straight line You freeze something.
The wall freezes something but does no damage.
Something hits you but does no damage. Something bites you.
* * * LOW HITPOINT WARNING * * *
Something draws strength from your injuries!
Casting: Freeze (safe; 1% risk of failure)
Confirm with . or Enter, or press ? or * to list all spells.
Aiming: Freeze (safe; 1% risk of failure)
Press: ? - help, Shift-Dir - straight line You freeze something.
The wall freezes something but does no damage.
Something draws life force from you!!
You die...

#####...###.#
#####.#####.#
#...........#
#.###.#######
#.....#
#.#.#.#
#...#.#
#.#####.#
#..{@...#
#.#######


There were no monsters in sight!

Vanquished Creatures
  A two-headed ogre (D:9)
  Joseph (D:8)
  A hornet (D:9)
  Grinder (D:6)
  Prince Ribbit (D:8)
  The ghost of Levsong the Covert, an amateur KoBr of Uskayaw (D:4)
  3 yaks (D:8)
  3 steam dragons
  An ice beast (D:6)
  An orc warrior (D:7)
  3 sky beasts (D:7)
  3 ogres
  5 centaurs
  A phantom (D:6)
  3 kobold brigands
  4 bullfrogs
  3 scorpions
  5 killer bees (D:9)
  4 hounds
  A jelly (D:4)
  A gnoll bouda (D:4)
  6 orc priests
  4 orc wizards
  A sleepcap (D:5)
  Natasha (twice) (D:2)
  12 gnolls
  3 adders
  A shadow imp (D:8)
  2 ufetubi (D:4)
  3 worms
  7 dart slugs
  23 orcs
  7 bats
  5 endoplasms
  5 giant cockroaches
  8 goblins
  7 hobgoblins
  2 jackals (D:2)
  23 kobolds
  8 quokkas
  9 ball pythons
  8 frilled lizards
  5 rats
198 creatures vanquished.

Vanquished Creatures (collateral kills)
  An ice beast (D:6)
  2 kobolds (D:9)
3 creatures vanquished.

Grand Total: 201 creatures vanquished

Notes
Turn   | Place    | Note
-------+----------+-------------------------------------------
     0 | D:1      | BreadTh the Merfolk Ice Elementalist began the quest for
                  | the Orb.
     0 | D:1      | Reached XP level 1. HP: 13/13 MP: 3/3
   161 | D:1      | Reached XP level 2. HP: 20/20 MP: 3/5
   742 | D:1      | Reached skill level 1 in Fighting
   755 | D:1      | Reached XP level 3. HP: 26/26 MP: 4/6
  1427 | D:2      | Learned a level 3 spell: Frozen Ramparts
  1434 | D:2      | Reached skill level 5 in Ice Magic
  1503 | D:2      | Reached XP level 4. HP: 31/32 MP: 3/7
  1804 | D:2      | Noticed Natasha
  1807 | D:2      | Killed Natasha
  2062 | D:2      | Noticed Natasha
  2070 | D:2      | Killed Natasha
  2071 | D:2      | Reached XP level 5. HP: 32/38 MP: 4/9
  2251 | D:3      | Found a shadowy altar of Dithmenos.
  2251 | D:3      | Found a glowing golden altar of the Shining One.
  2251 | D:3      | Found a hide-covered altar of Uskayaw.
  2639 | D:3      | Became a worshipper of Dithmenos the Shadowed
  2961 | D:4      | Identified the +4 halberd of Destiny {venom, rPois rF+}
  2992 | D:4      | Reached skill level 6 in Ice Magic
  3055 | D:4      | Learned a level 3 spell: Ozocubu's Armour
  3156 | D:4      | Reached XP level 6. HP: 46/46 MP: 4/10
  3212 | D:4      | You fall into a shaft and drop 1 floor!
  3212 | D:5      | Entered Level 5 of the Dungeon
  3406 | D:4      | Found an iron altar of Okawaru.
  3581 | D:4      | Reached * piety under Dithmenos
  3722 | D:4      | Found an ornate altar of the Wu Jian Council.
  3772 | D:4      | Noticed Levsong's ghost (amateur KoBr)
  3944 | D:4      | Found a transporter.
  3946 | D:4      | Found a transporter.
  3974 | D:4      | Gained mutation: Your system is resistant to poisons.
                  | (rPois) [potion of mutation]
  3974 | D:4      | Gained mutation: Your spells are a little harder to cast,
                  | but a little more powerful. [potion of mutation]
  3974 | D:4      | Gained mutation: You are robust. (+10% HP) [potion of
                  | mutation]
  3975 | D:4      | Killed Levsong's ghost
  3976 | D:4      | Reached skill level 7 in Ice Magic
  3976 | D:4      | Reached XP level 7. HP: 21/57 MP: 1/12
  4334 | D:5      | Found a white marble altar of Elyvilon.
  4351 | D:5      | Reached skill level 8 in Ice Magic
  4378 | D:5      | Found the +27 heavy crossbow "Sniper" {heavy, Acc+∞ SInv}
  4748 | D:6      | Reached ** piety under Dithmenos
  4749 | D:6      | Reached XP level 8. HP: 61/63 MP: 14/14
  4899 | D:6      | Reached skill level 9 in Ice Magic
  4981 | D:6      | Reached skill level 5 in Spellcasting
  5035 | D:6      | Learned a level 4 spell: Summon Ice Beast
  5318 | D:6      | Reached skill level 10 in Ice Magic
  5393 | D:6      | Found a staircase to the Ecumenical Temple.
  5420 | Temple   | Entered the Ecumenical Temple
  5578 | D:6      | Noticed Grinder
  5580 | D:6      | Paralysed by Grinder for 5 turns
  5593 | D:6      | Killed Grinder
  5594 | D:6      | Reached skill level 11 in Ice Magic
  5594 | D:6      | Reached XP level 9. HP: 67/69 MP: 6/16
  5599 | D:6      | Learned a level 4 spell: Olgreb's Toxic Radiance
  5733 | D:7      | Found a shimmering altar of Xom.
  5852 | D:7      | Found a shimmering blue altar of Sif Muna.
  5937 | D:7      | Reached skill level 5 in Poison Magic
  6079 | D:7      | Reached skill level 1 in Summonings
  6500 | D:8      | Reached *** piety under Dithmenos
  6624 | D:8      | Found a broken altar of Ashenzari.
  6718 | D:8      | Noticed Prince Ribbit
  6721 | D:8      | Noticed Joseph
  6723 | D:8      | Killed Prince Ribbit
  6743 | D:8      | Killed Joseph
  6939 | D:8      | Reached XP level 10. HP: 77/77 MP: 11/17
  6941 | D:8      | Reached skill level 5 in Summonings
  7256 | D:8      | Found a hazy altar of Hepliaklqana.
  7389 | D:8      | Found a sacrificial altar of Ru.
  7568 | D:9      | Noticed a two-headed ogre
  7611 | D:9      | Killed a two-headed ogre
  8018 | D:9      | Killed from afar by a vampire

Illustrated notes

Levels and vault maps discovered:
D:1:      erik_arrival_cave_to_civilisation [erik_arrival_cave_to_hall],
          layout_loops_ring, chequers_decorated_corner, chequers_mini_garden
D:2:      layout_loops_ring, uniq_natasha
D:3:      layout_rooms, gammafunk_temple_overflow_forgotten
D:4:      layout_loops_cross, lemuel_crystal_altar, nzn_wu_jian_contemplation,
          gammafunk_ghost_gnarly_gnolls
D:5:      layout_rooms, mainiacjoe_overflow_catwalk, feat_on_display
D:6:      layout_rooms, minmay_temple_entry_butterflies, uniq_grinder
D:7:      layout_basic, amcnicky_altar_gilded, lemuel_tele_altar
D:8:      layout_loops_corners, mainiacjoe_overflow_six_doors_small,
          mainiacjoe_overflow_swirl, minmay_manual_mares, uniq_prince_ribbit1,
          uniq_joseph
D:9:      layout_basic, mainiacjoe_overflow_alcove_4, erik_orc_1, minivault_5
Temple:   compressed_dpeg_circular_temple

Skill      XL: |  1  2  3  4  5  6  7  8  9 10 |
---------------+-------------------------------+-----
Dodging        | 3 4 |  4.3
Fighting       | 1 2 3 4 |  4.0
Ice Magic      | 5 6 7 8 11 | 11.0
Stealth        | 3 4 |  4.2
Spellcasting   | 3 4 5 |  5.0
Poison Magic   | 3 7 9 |  9.4
Summonings     | 4 5 |  5.0

Action                     |  1- 3 |  4- 6 |  7- 9 | 10-12 || total
---------------------------+-------+-------+-------+-------++-------
  Melee: Short sword       |     2 |       |       |       ||     2
         Dagger            |     6 |   106 |     5 |       ||   117
         Halberd           |       |       |    85 |    20 ||   105
         Spear             |       |       |     2 |       ||     2
  Throw: Stone             |       |       |       |     1 ||     1
   Cast: Freeze            |    52 |    71 |    19 |     8 ||   150
         Frozen Ramparts   |       |     8 |    24 |     8 ||    40
         Ozocubu's Armour  |       |     2 |     7 |     4 ||    13
         Summon Ice Beast  |       |       |     2 |     1 ||     3
         Olgreb's Toxic Ra |       |       |     2 |     5 ||     7
  Evoke: Wand              |       |       |       |     1 ||     1
    Use: Potion            |       |     2 |     2 |       ||     4
   Stab: Sleeping          |     7 |     5 |     3 |     1 ||    16
         Distracted        |       |       |     1 |       ||     1
 Armour: Robe              |     4 |    27 |    30 |    18 ||    79
  Dodge: Dodged            |    17 |    59 |    82 |    36 ||   194
